 Dungeon Crawl Stone Soup version 0.26.0-10-g1f06aea511 (webtiles) character file.

Game seed: 9430669487543646085

30 jackrogers the Poker (level 3, 0/29 HPs)
             Began as a Merfolk Berserker on Jan 14, 2021.
             Was a Follower of Trog.
             Succumbed to an adder's poison
             ... on level 2 of the Dungeon.
             The game lasted 00:01:37 (1429 turns).

jackrogers the Poker (Merfolk Berserker)            Turns: 1429, Time: 00:01:37

Health: 0/29       AC:  2    Str: 18    XL:     3   Next: 20%
Magic:  3/3        EV: 13    Int:  6    God:    Trog [*.....]
Gold:   78         SH:  0    Dex: 13    Spells: 2/2 levels left

rFire    . . .     SeeInvis .   a - +0 spear
rCold    . . .     Faith    .   (no shield)
rNeg     . . .     Spirit   .   b - +0 animal skin
rPois    .         Reflect  .   (no helmet)
rElec    .         Harm     .   (no cloak)
rCorr    .         Rampage  .   (no gloves)
Will     .....                  (no boots)
Stlth    +.........             (no amulet)
HPRegen  0.09/turn              (no ring)
MPRegen  0.08/turn              (no ring)

@: lethally poisoned (0 -> -11)
A: change form in water, swift swim, stealthy swim
a: Renounce Religion, Berserk


You were on level 2 of the Dungeon.
You worshipped Trog.
Trog was aware of your devotion.
You visited 1 branch of the dungeon, and saw 2 of its levels.

You collected 78 gold pieces.

Inventory:

Hand Weapons
 a - a +0 spear (weapon)
Armour
 b - a +0 animal skin (worn)
Jewellery
 d - an uncursed amulet of the acrobat {unknown}
   (You found it on level 1 of the Dungeon)
 e - an uncursed ring of flight {unknown}
   (You found it on level 1 of the Dungeon)
Scrolls
 c - a scroll of teleportation {unknown}
 f - 3 scrolls of identify {unknown}
 g - a scroll of amnesia {unknown}


   Skills:
 - Level 3.2 Fighting
 + Level 6.2 Polearms
 - Level 1.3 Armour
 - Level 2.6 Dodging


You had 2 spell levels left.
You didn't know any spells.
Your spell library was empty.

Dungeon Overview and Level Annotations

Branches:
Dungeon (2/15)

Altars:


Message History

Trog accepts your kill.
No target in view!
No target in view!
The hobgoblin shouts!
A hobgoblin is nearby!
A hobgoblin is nearby!
A hobgoblin is nearby!
A hobgoblin is nearby!
A goblin comes into view.
The goblin shouts!
Unknown command.
You reach to attack!
You puncture the hobgoblin!
You kill the hobgoblin!
Trog accepts your kill.
You hit the goblin. The goblin hits you.
You hit the goblin.
You kill the goblin!
Trog accepts your kill.
No target in view!
No target in view!
There is a stone staircase leading up here.
As you open the door, it creaks loudly!
There is an open door here.
Found an escape hatch in the floor.
Found a stone staircase leading up.
Found a stone staircase leading down.
There is an escape hatch in the floor here.
You now have 78 gold pieces (gained 8).
A rat comes into view.
The rat moves out of view.
No target in view!
No target in view!
No target in view!
A rat is nearby!
A rat is nearby!
A rat is nearby!
A rat is nearby!
You reach to attack!
You hit the rat.
You kill the rat!
Trog accepts your kill.
No target in view!
You see here a rat corpse.
g - a scroll labelled XELAIMN LAOZ A bat and a dart slug come into view.
There are monsters nearby!
There are monsters nearby!
An adder comes into view.
The adder hisses angrily.
Spoiler Alert: The adder is fast and can poison!
The bat hits you but does no damage.
You reach to attack!
You barely miss the bat. The bat hits you but does no damage.
You puncture the bat!
You kill the bat!
Trog accepts your kill.
Spoiler Alert: The adder is fast and can poison!
You reach to attack!
You hit the adder but do no damage. The dart slug launches a dart at you.
The slug dart hits you.
You miss the adder. The adder bites you.
You closely miss the adder. The adder bites you.
You miss the adder. The adder barely misses you.
Spoiler Alert: The adder is fast and can poison!
You closely miss the adder. The adder completely misses you.
You miss the adder. The adder bites you.
You are poisoned.
The adder poisons you! The dart slug barely misses you.
You feel sick. The adder bites you.
You barely miss the adder.
You feel sick. The adder bites you.
Spoiler Alert: The adder is fast and can poison!
You hit the adder. The adder barely misses you.
You hit the adder. The adder barely misses you.
You miss the adder. The adder bites you.
* * * LOW HITPOINT WARNING * * *
You are lethally poisoned!
The adder poisons you!
Spoiler Alert: The adder is fast and can poison!
You hit the adder.
* * * LOW HITPOINT WARNING * * *
You feel sick. The adder barely misses you.
You hit the adder but do no damage. The adder bites you.
* * * LOW HITPOINT WARNING * * *
You are more poisoned.
The adder poisons you!
Spoiler Alert: The adder is fast and can poison!
You aren't carrying any potions.
You closely miss the adder.
* * * LOW HITPOINT WARNING * * *
You feel sick. The adder bites you but does no damage.
You closely miss the adder.
* * * LOW HITPOINT WARNING * * *
You feel sick. The adder closely misses you.
Spoiler Alert: The adder is fast and can poison!
You hit the adder but do no damage.
* * * LOW HITPOINT WARNING * * *
You feel sick. The adder barely misses you.
You hit the adder.
You kill the adder!
Trog accepts your kill.
You die...

.#.###.#...##....#
#.###.###.##....#
#[........##....#
.........##...(#
.........##....#
.........##....#
#.......########
#.......###
#.......@.#
#......##†#######
######...w.......
......#........
......#........
..... #........
..... #........
.... #........
.... #........


You could see a dart slug.

Vanquished Creatures
  An adder (D:2)
  2 dart slugs (D:1)
  2 giant cockroaches (D:1)
  7 hobgoblins
  2 bats
  A frilled lizard (D:1)
  5 goblins
  3 kobolds (D:1)
  3 rats
26 creatures vanquished.

Notes
Turn   | Place    | Note
-------+----------+-------------------------------------------
     0 | D:1      | jackrogers the Merfolk Berserker began the quest for the
                  | Orb.
     0 | D:1      | Reached XP level 1. HP: 18/18 MP: 1/1
   107 | D:1      | HP: 3/18 [kobold/cursed -2 short sword (6)]
   529 | D:1      | Reached skill level 5 in Polearms
   568 | D:1      | Reached XP level 2. HP: 24/24 MP: 2/2
  1023 | D:1      | Reached skill level 6 in Polearms
  1023 | D:1      | Reached XP level 3. HP: 26/29 MP: 3/3
  1425 | D:2      | HP: 4/29 [adder (4)]
  1428 | D:2      | HP: 1/29 [poisoned by an adder]
  1429 | D:2      | Succumbed to an adder's poison

Illustrated notes

Levels and vault maps discovered:
D:1:      wander_arrival_desolate, layout_loops_ring,
          chequers_serial_rivers_marsh
D:2:      layout_basic

Skill      XL: |  1  2 |
---------------+-------+-----
Polearms       | 5 6 |  6.2
Fighting       | |  3.2
Armour         | |  1.3
Dodging        | |  2.6

Action                   || total
-------------------------++-------
Melee: Spear             ||   108
 Stab: Sleeping          ||     1
Armor: Animal skin       ||    12
Dodge: Dodged            ||    46

Table legend: (Time is in decaauts)
 A = Elapsed time spent in this place.
 B = Non-inter-level travel time spent in this place.
 C = Inter-level travel time spent in this place.
 D = Time resting spent in this place.
 E = Time spent auto-exploring this place.
 F = Levels seen in this place.
 G = Mean time per level.
                   A        B        C        D        E       F      G
               +--------+--------+--------+--------+--------+-----+--------+
         Total |   1408 |   1384 |     24 |    500 |    711 |   2 |  704.0 |
       Dungeon |   1408 |   1384 |     24 |    500 |    711 |   2 |  704.0 |
               +--------+--------+--------+--------+--------+-----+--------+

Top non-repeatable levels by time:
     D:1: 1222 daAuts
     D:2: 186 daAuts

Table legend:
 A = Kills in this place as a percentage of kills in entire the game.
 B = Kills by you in this place as a percentage of kills by you in the entire game.
 C = Kills by friends in this place as a percentage of kills by friends in the entire game.
 D = Other kills in this place as a percentage of other kills in the entire game.
 E = Experience gained in this place as a percentage of experience gained in the entire game.
 F = Experience gained in this place divided by the number of levels of this place that you have seen.
                   A       B       C       D       E      F
               +-------+-------+-------+-------+-------+----------------------
         Total | 100.0 | 100.0 |   N/A |   N/A | 100.0 |  29.0
       Dungeon | 100.0 | 100.0 |   N/A |   N/A | 100.0 |  29.0
               +-------+-------+-------+-------+-------+----------------------
